 Dungeon Crawl Stone Soup version 0.22-a0-224-g8cf3520 (webtiles) character file.

847 Amnesiac the Prestidigitator (level 7, 0/37 HPs)
             Began as a Spriggan Artificer on Feb 20, 2018.
             Was an Initiate of Gozag.
             Slain by an iguana (15 damage)
             ... while paralysed by Grinder
             ... on level 5 of the Dungeon.
             The game lasted 00:07:37 (3363 turns).

Amnesiac the Prestidigitator (Spriggan Artificer)   Turns: 3363, Time: 00:07:38

Health: 0/37       AC:  2    Str: 10    XL:     7   Next: 68%
Magic:  14/14      EV:  4    Int: 12    God:    Gozag
Gold:   111        SH:  0    Dex: 17    Spells: 6/6 levels left

rFire    . . .     SeeInvis +   s - +0 hand crossbow
rCold    . . .     Gourm    .   (shield restricted)
rNeg     . . .     Faith    .   b - +0 robe
rPois    .         Spirit   .   (helmet restricted)
rElec    .         Reflect  .   (no cloak)
rCorr    .         Harm     .   (gloves unavailable)
MR       +....                  (boots unavailable)
Stlth    ++........             g - amulet of the acrobat
HPRegen  0.12/turn              (no ring)
MPRegen  0.14/turn              (no ring)

@: paralysed, very quick
A: very small, unfitting armour, see invisible, herbivore, speed 3, slow
metabolism 2
a: Potion Petition, Call Merchant, Bribe Branch, Renounce Religion


You were on level 5 of the Dungeon.
You worshipped Gozag.
Gozag was aware of your devotion.
You were not hungry.

You visited 2 branches of the dungeon, and saw 6 of its levels.

You collected 167 gold pieces.
You paid 56 gold pieces to Gozag.

Inventory:

Hand Weapons
 a - a +0 short sword
 l - a +0 dagger
 s - a +0 hand crossbow (weapon)
 v - a +1 hand axe of flaming
Missiles
 i - 27 sling bullets
 m - 65 stones
 u - 38 bolts (quivered)
Armour
 b - a +0 robe (worn)
Jewellery
 g - an amulet of the acrobat (around neck)
Wands
 c - a wand of flame (9)
 d - a wand of enslavement (15)
 e - a wand of random effects (7)
Scrolls
 h - 3 scrolls of identify {!r, unknown}
 k - 5 scrolls of remove curse {!r, unknown}
 n - 2 scrolls of enchant weapon {!r, unknown}
 o - 4 scrolls of fear {!r, unknown}
 q - 3 scrolls of fog {!r, unknown}
 t - 2 scrolls of teleportation {!r, unknown}
 x - 2 scrolls of magic mapping {!r, unknown}
 y - a scroll of immolation {!r, unknown}
Potions
 j - 3 potions of curing {!q}
 p - a potion of resistance {!q, unknown}
 r - a potion of might {!q, unknown}
 w - a potion of mutation {!q, unknown}
 z - a potion of flight {!q, unknown}
 A - 2 potions of degeneration {!q, unknown}
Comestibles
 f - 4 rations


   Skills:
 + Level 4.0 Fighting
 - Level 1.1 Short Blades
 + Level 6.5 Dodging
 - Level 1.5 Stealth
 * Level 8.7 Evocations


You had 6 spell levels left.
You didn't know any spells.

Dungeon Overview and Level Annotations

Branches:
Dungeon (5/15)             Temple (1/1) D:5

Altars:
Ashenzari
Cheibriados
Elyvilon
Fedhas
Gozag
Hepliaklqana
Kikubaaqudgha
Makhleb
Nemelex Xobeh
Okawaru
Qazlal
Ru
Sif Muna
Trog
Uskayaw
Vehumet
Wu Jian
Xom
Yredelemnul
Zin
The Shining One

Shops:
D:4 (

Annotations:
D:5 Grinder, Prince Ribbit


Innate Abilities, Weirdness & Mutations

You are very small and have problems with some larger weapons.
You are too small for most types of armour.
You have supernaturally acute eyesight. (SInv)
You are a herbivore.
You cover ground extremely quickly.
You need consume almost no food.


Message History

The sky beast flickers out of sight for a moment.
Firing (i - inventory. (/) - cycle)
u - 47 bolts (quivered)
Press: ? - help, Shift-Dir - straight line, f/p - sky beast
Aim: a sky beast (lightly wounded, slightly transparent)
You shoot a bolt. The bolt hits the sky beast.
The sky beast is lightly wounded.
Firing (i - inventory. (/) - cycle)
u - 46 bolts (quivered)
Press: ? - help, Shift-Dir - straight line, f/p - sky beast
Aim: a sky beast (lightly wounded, slightly transparent)
You shoot a bolt. The bolt hits the sky beast!
The sky beast is heavily wounded.
The sky beast closely misses you.
Firing (i - inventory. (/) - cycle)
u - 45 bolts (quivered)
Press: ? - help, Shift-Dir - straight line, f/p - sky beast
Aim: a sky beast (heavily wounded, slightly transparent)
You shoot a bolt. The bolt hits the sky beast.
The sky beast is severely wounded.
The sky beast completely misses you. The sky beast hits you.
The sky beast shocks you.
Firing (i - inventory. (/) - cycle)
u - 44 bolts (quivered)
Press: ? - help, Shift-Dir - straight line, f/p - sky beast
Aim: a sky beast (severely wounded, slightly transparent)
You shoot a bolt. The bolt closely misses the sky beast.
The sky beast barely misses you.
Firing (i - inventory. (/) - cycle)
u - 43 bolts (quivered)
Press: ? - help, Shift-Dir - straight line, f/p - sky beast
Aim: a sky beast (severely wounded, slightly transparent)
You shoot a bolt. The bolt hits the sky beast.
The sky beast is almost dead.
The sky beast misses you. The sky beast completely misses you.
Firing (i - inventory. (/) - cycle)
u - 42 bolts (quivered)
Press: ? - help, Shift-Dir - straight line, f/p - sky beast
Aim: a sky beast (almost dead, slightly transparent)
You shoot a bolt.
The bolt hits the sky beast but does no damage.
The sky beast is almost dead.
The sky beast hits you.
* * * LOW HITPOINT WARNING * * *
The sky beast shocks you.
* * * LOW HITPOINT WARNING * * *
Firing (i - inventory. (/) - cycle)
u - 41 bolts (quivered)
Press: ? - help, Shift-Dir - straight line, f/p - sky beast
Aim: a sky beast (almost dead)
You shoot a bolt. The bolt hits the sky beast.
The sky beast is almost dead.
Unknown command.
Firing (i - inventory. (/) - cycle)
u - 40 bolts (quivered)
Press: ? - help, Shift-Dir - straight line, f/p - sky beast
Aim: a sky beast (almost dead)
You shoot a bolt. The bolt hits the sky beast.
The sky beast is almost dead.
An iguana comes into view.
Firing (i - inventory. (/) - cycle)
u - 39 bolts (quivered)
Press: ? - help, Shift-Dir - straight line, f/p - sky beast
Aim: a sky beast (almost dead)
You shoot a bolt. The bolt closely misses the sky beast.
Grinder comes into view.
Grinder shouts!
Grinder gestures at you.
You suddenly lose the ability to move!
A centaur comes into view.
The iguana bites you!
You die...
Your body crumbles into a pile of gold.

### #.# .^.#
#.###########.#
#.(....(...(..#
#..##########.#
#..# #(# #..#
#(# #Y.# #.#
#..# #(# #@.#
#(# #...5.l.#
#$# #...####.#
#(# .c #.# ..#
###


You could see Grinder, a sky beast, a centaur (wandering) and an iguana.

Vanquished Creatures
  Eustachio (D:4)
  Duvessa (D:4)
  An ice beast (Temple)
  2 ogres (D:5)
  Dowan (D:4)
  A howler monkey (D:4)
  A jelly (D:5)
  A hound (D:5)
  An orc priest (D:3)
  2 orc wizards
  Terence (D:3)
  An iguana (D:4)
  A worker ant (D:4)
  2 adders
  A worm (D:3)
  A dart slug (D:3)
  3 leopard geckos
  4 orcs
  A giant cockroach (D:1)
  A goblin (D:1)
  2 hobgoblins
  2 kobolds (D:1)
  2 quokkas (D:4)
  A bat (D:1)
  7 frilled lizards
  A leopard gecko skeleton (D:4)
  A rat (D:3)
44 creatures vanquished.

Notes
Turn   | Place    | Note
-------+----------+-------------------------------------------
     0 | D:1      | Amnesiac the Spriggan Artificer began the quest for the Orb.
     0 | D:1      | Reached XP level 1. HP: 9/9 MP: 4/4
    60 | D:1      | Reached skill level 1 in Fighting
   282 | D:1      | Reached XP level 2. HP: 15/15 MP: 6/6
   847 | D:4      | Noticed Eustachio
   850 | D:4      | Killed Eustachio
   850 | D:4      | Reached skill level 5 in Evocations
   850 | D:4      | Reached XP level 3. HP: 19/19 MP: 8/8
   850 | D:4      | Reached XP level 4. HP: 23/23 MP: 9/9
   850 | D:4      | Reached XP level 5. HP: 28/28 MP: 10/10
  1033 | D:4      | Reached skill level 6 in Evocations
  1361 | D:4      | Noticed Dowan
  1366 | D:4      | Killed Dowan
  1366 | D:4      | Reached XP level 6. HP: 32/32 MP: 11/11
  1367 | D:4      | Noticed Duvessa
  1403 | D:4      | Killed Duvessa
  1403 | D:4      | Reached skill level 5 in Dodging
  1403 | D:4      | Reached skill level 7 in Evocations
  1805 | D:3      | Noticed Terence
  2014 | D:3      | Killed Terence
  2033 | D:3      | Reached XP level 7. HP: 36/36 MP: 13/13
  2275 | D:4      | Found Xofal's Weapon Boutique.
  2864 | D:5      | Entered Level 5 of the Dungeon
  2866 | D:5      | Found a sparkling altar of Nemelex Xobeh.
  2869 | D:5      | Noticed Prince Ribbit
  2907 | D:5      | Found a staircase to the Ecumenical Temple.
  2935 | Temple   | Entered the Ecumenical Temple
  2958 | Temple   | Became a worshipper of Gozag Ym Sagoz the Greedy
  3026 | Temple   | Reached skill level 8 in Evocations
  3362 | D:5      | Noticed Grinder
  3362 | D:5      | Paralysed by Grinder for 4 turns
  3363 | D:5      | Slain by an iguana

Vault maps used:
D:1:      lightli_iron_boxes, serial_bayou_crossing
D:2:      grunt_ministairs_3, grunt_decor_arrowhead, trog_hazing_becter
D:3:      uniq_terence
D:4:      first_ration, serial_shops, shop, kennysheep_pointless_box,
          uniq_eustachio, uniq_duvessa
D:5:      nicolae_overflow_crystal_walls, minmay_temple_entry_large_hall,
          uniq_prince_ribbit1, uniq_grinder, uniq_crazy_yiuf_cottage
Temple:   regret_index_temple_chain_breaker

Skill      XL: |  1  2  3  4  5  6  7 |
---------------+----------------------+-----
Fighting       | 1 2 3 4 |  4.0
Dodging        | 4 5 6 |  6.5
Evocations     | 5 6 7 8 |  8.7
Short Blades   | |  1.1
Stealth        | |  1.5

Action                   |  1- 3 |  4- 6 |  7- 9 || total
-------------------------+-------+-------+-------++-------
Melee: Short sword       |    49 |    86 |       ||   135
 Fire: Hand crossbow     |       |    20 |    58 ||    78
Evoke: Wand              |     2 |    12 |       ||    14
 Stab: Sleeping          |     4 |     2 |       ||     6
       Confused          |       |     3 |       ||     3
Armor: Robe              |     6 |     3 |       ||     9
Dodge: Dodged            |    28 |    74 |    24 ||   126

Table legend:
 A = Spawn XP
 B = Non-spawn XP
 C = Spawn XP percentage of total XP
 D = Spawn monster count
 E = Non-spawn monster count
 F = Spawn count percentage of total count
 G = Total turns spent on level
                    A         B        C        D         E        F      G
               +---------+---------+-------+---------+---------+-------+---------
         Total |       0 |    1210 |   0.0 |       0 |      44 |   0.0 |  3363
               +---------+---------+-------+---------+---------+-------+---------
           D:1 |       0 |      16 |   0.0 |       0 |       9 |   0.0 |   352
           D:2 |       0 |      13 |   0.0 |       0 |       1 |   0.0 |    87
           D:3 |       0 |     130 |   0.0 |       0 |      10 |   0.0 |   895
           D:4 |       0 |     596 |   0.0 |       0 |      17 |   0.0 |  1530
           D:5 |       0 |     328 |   0.0 |       0 |       6 |   0.0 |   242
        Temple |       0 |     127 |   0.0 |       0 |       1 |   0.0 |   257
               +---------+---------+-------+---------+---------+-------+---------
